 Dungeon Crawl Stone Soup version 0.18-a0-1202-g796ae12 (console) character file.

166 FIQ the Chopper (level 5, -7/46 HPs)
             Began as a Hill Orc Gladiator on Jan 31, 2016.
             Was a Follower of Beogh.
             Mangled by an ogre
             ... wielding a +0 giant club
              (16 damage)
             ... on level 4 of the Dungeon.
             The game lasted 00:08:50 (3956 turns).

FIQ the Chopper (Hill Orc Gladiator)                Turns: 3956, Time: 00:08:50

Health: -7/46      AC:  7    Str: 18    XL:     5   Next: 47%
Magic:  5/5        EV: 12    Int:  8    God:    Beogh [*.....]
Gold:   261        SH:  0    Dex: 12    Spells: 0 memorised, 4 levels left

rFire  . . .     SeeInvis .     a - +0 war axe
rCold  . . .     Gourm    .     e - +0 mottled dragon armour
rNeg   . . .     Faith    .     (no shield)
rPois  .         Spirit   .     c - +0 helmet
rElec  .         Dismiss  .     (no cloak)
rCorr  .         Reflect  .     (no gloves)
SustAt .         Harm     .     (no boots)
MR     .....                    (no amulet)
Stlth  ..........               n - +3 ring of slaying
                                g - ring of loudness (curse)

@: not resistant to hostile enchantments, extremely unstealthy
A: no striking features
a: Renounce Religion


You were on level 4 of the Dungeon.
You worshipped Beogh.
Beogh was aware of your devotion.
You were not hungry.

You visited 1 branch of the dungeon, and saw 4 of its levels.

You collected 261 gold pieces.

Inventory:

Hand Weapons
 a - a +0 war axe (weapon)
Missiles
 d - 3 throwing nets (quivered)
Armour
 c - a +0 helmet (worn)
 e - a +0 mottled dragon armour (worn)
Jewellery
 b - an uncursed ring of fire
 g - a cursed ring of loudness (left hand)
 n - a +3 ring of slaying (right hand)
Wands
 u - a wand of paralysis (16/24)
Scrolls
 j - a scroll of fog {unknown}
 o - a scroll of fear {unknown}
 p - a scroll of blinking
 r - a scroll of enchant armour {unknown}
 t - a scroll of magic mapping {unknown}
Potions
 h - a potion of ambrosia {unknown}
 i - a potion of haste {unknown}
 q - 2 potions of might {unknown}
Comestibles
 f - 2 bread rations
 k - a slice of pizza
 l - 2 meat rations
 m - 3 fruits
 s - 3 chunks of flesh


   Skills:
 + Level 4.0 Fighting
 * Level 5.9 Axes
 - Level 1.7 Throwing
 + Level 3.3 Dodging
 + Level 0.6 Invocations


You had 4 spell levels left.
You didn't know any spells.

Dungeon Overview and Level Annotations

Branches:
Dungeon (4/15)             Temple (0/1) D:4

Altars:
Cheibriados
Dithmenos
Pakellas
Sif Muna

Annotations:
D:3 Sigmund


Message History

An ogre comes into view. It is wielding a giant club.
An ogre is nearby!
An ogre is nearby!
An ogre is nearby!
The ogre completely misses you.
You slash the ogre!
The ogre is moderately wounded.
The ogre hits you with a giant club!
You slash the ogre!
The ogre is severely wounded.
The ogre hits you with a giant club!!
Okay, then.
You hit the ogre.
The ogre is severely wounded.
The ogre hits you with a giant club!
* * * LOW HITPOINT WARNING * * *
You barely miss the ogre.
The ogre is severely wounded.
The ogre hits you with a giant club!
You die...

# ########### #
#.........# #
#.#######.### ##
#.##........## ##.
#.##.#.......###.#
#.# #.##.#......#
#.# #. #.#.####.#
#@# # #.#.#####.
#O# #.##.........
#.# #............
#.# ###.##.##.###
#.## #.##.##.#
#..# #.##.##.#
##.#.###.##.##.#
.#........##.#
.#####.#####.# .#
#.# #.# .# #.###
...


You could see an ogre.

Vanquished Creatures
  3 gnolls (D:2)
  4 adders
  2 worms (D:2)
  6 giant geckos
  8 orcs
  3 ball pythons
  4 giant cockroaches
  8 goblins
  4 hobgoblins
  3 jackals (D:3)
  3 quokkas
  6 bats
  3 giant newts
  17 kobolds
  8 rats
  A bush (D:1)
  A plant (D:1)
84 creatures vanquished.

Notes
Turn   | Place    | Note
--------------------------------------------------------------
     0 | D:1      | FIQ the Hill Orc Gladiator began the quest for the Orb.
     0 | D:1      | Reached XP level 1. HP: 18/18 MP: 1/1
    94 | D:1      | Reached XP level 2. HP: 22/25 MP: 2/2
   374 | D:2      | Reached XP level 3. HP: 27/31 MP: 3/3
   778 | D:3      | Reached XP level 4. HP: 38/38 MP: 4/4
  1064 | D:3      | Found a shadowy altar of Dithmenos.
  1171 | D:3      | Reached skill level 5 in Axes
  1305 | D:3      | Noticed Sigmund
  1735 | D:2      | HP: 1/40 [gnoll/spear (3)]
  2036 | D:2      | Reached XP level 5. HP: 42/46 MP: 5/5
  2042 | D:2      | Found an oddly glowing altar of Pakellas.
  2136 | D:2      | Found a deep blue altar of Sif Muna.
  2278 | D:4      | Became a worshipper of Beogh the Brigand
  2825 | D:1      | Reached * piety under Beogh
  3586 | D:4      | Found a snail-covered altar of Cheibriados.
  3638 | D:4      | Found a staircase to the Ecumenical Temple.
  3944 | D:4      | Noticed an ogre
  3956 | D:4      | Mangled by an ogre

Vault maps used:
D:1:      nicolae_arrival_washed_ashore, minmay_misc_feat_x,
          lexackson_kobold_supper
D:2:      grunt_pakellas_sulfur, led_sif_pool
D:3:      lemuel_coloured_pillars_altar, uniq_sigmund
D:4:      nicolae_overflow_crystal_walls, minmay_temple_entry_enclosed_plants

Action                   |  1- 3 |  4- 6 || total
-------------------------+-------+-------++-------
Melee: War axe           |    73 |   222 ||   295
Invok: Convert to Beogh  |       |     1 ||     1
  Use: Scroll            |       |     2 ||     2
       Potion            |       |     2 ||     2
  Eat: Chunk             |       |     8 ||     8
       Fruit             |       |     2 ||     2
